 Dungeon Crawl Stone Soup version 0.25-a0-930-g9f5dfa9815 (webtiles) character file.

Game seed: 6049979065029796970, levelgen mode: classic

12711 Amnesiac the Gelid (level 11, -5/74 HPs)
             Began as a Ghoul Ice Elementalist on May 4, 2020.
             Was an Elder of Vehumet.
             Slain by an orc warrior
             ... wielding a +0 halberd
              (16 damage)
             ... on level 2 of the Orcish Mines.
             The game lasted 00:31:47 (11406 turns).

Amnesiac the Gelid (Ghoul Ice Elementalist)        Turns: 11406, Time: 00:31:48

Health: -5/74      AC:  3    Str: 13    XL:     11   Next: 97%
Magic:  10/22      EV: 12    Int: 13    God:    Vehumet [****..]
Gold:   975        SH:  6    Dex:  9    Spells: 12/27 levels left

rFire    + . .     SeeInvis .   b - staff of cold
rCold    + + .     Gourm    .   o - +2 buckler
rNeg     + + +     Faith    .   I - +2 robe {MR+}
rPois    ∞         Spirit   .   (no helmet)
rElec    .         Reflect  .   f - +2 cloak
rCorr    .         Harm     .   (no gloves)
MR       ++...                  (no boots)
Stlth    ++........             (no amulet)
HPRegen  0.00/turn              E - ring of protection from fire
MPRegen  0.18/turn              H - ring of protection from magic

@: corroded, frozen ramparts, rotting
A: rotting body, claws 1, carnivore, cold resistance 1, negative energy
resistance 3, inhibited regeneration, torment resistance, unbreathing
a: Renounce Religion


You were on level 2 of the Orcish Mines.
You worshipped Vehumet.
Vehumet was greatly pleased with you.
You were not hungry.

You visited 3 branches of the dungeon, and saw 13 of its levels.

You collected 975 gold pieces.

Inventory:

Hand Weapons
 a - a +5 double sword of freezing
Missiles
 s - 27 poisoned darts (quivered)
Armour
 f - a +2 cloak (worn)
 o - a +2 buckler (worn)
 I - a +2 robe of magic resistance (worn)
 N - a +0 troll leather armour
Magical Staves
 b - an uncursed staff of cold (weapon)
Jewellery
 A - the ring of Dinlun {rElec rPois rC- Int+2}
   (You took it off an orc on level 5 of the Dungeon)

   [ring of poison resistance]

   It affects your intelligence (+2).
   It makes you vulnerable to cold.
   It insulates you from electricity.
   It protects you from poison.
 E - a ring of protection from fire (left claw)
 H - a ring of protection from magic (right claw)
Wands
 g - a wand of acid (13)
 y - a wand of flame (65)
 B - a wand of clouds (4)
 G - a wand of random effects (18)
Scrolls
 e - a scroll of acquirement {!r, unknown}
 i - 2 scrolls of magic mapping {!r}
 l - 6 scrolls of remove curse {!r}
 m - 2 scrolls of amnesia {!r}
 n - 2 scrolls of fog {!r}
 p - 4 scrolls of teleportation {!r}
 r - a scroll of enchant weapon {!r}
 t - a scroll of noise {!r}
 C - a scroll of fear {!r}
 J - a scroll of enchant armour {!r}
Potions
 h - a potion of haste {!q}
 v - 3 potions of curing {!q}
Miscellaneous
 d - a lightning rod (1/4)
Comestibles
 c - 11 rations


   Skills:
 + Level 1.8 Dodging
 - Level 4.0 Stealth
 - Level 4.0 Shields
 + Level 8.9 Spellcasting
 * Level 15.2 Ice Magic
 - Level 4.0 Evocations


You had 12 spell levels left.
You knew the following spells:

 Your Spells              Type           Power        Failure   Level  Hunger
a - Freeze                Ice            ####         1%          1    None
b - Frozen Ramparts       Ice            ######       1%          3    ##.....
c - Summon Ice Beast      Ice/Summ       #####...     5%          4    ####...
d - Hailstorm             Conj/Ice       #####...     1%          4    ####...
z - Ozocubu's Armour      Chrm/Ice       #####...     1%          3    ##.....

Your spell library contained the following spells:

 Spells                   Type           Power        Failure   Level  Hunger
 Lee's Rapid Deconstruct  Erth           #.........   63%         5    #####..
 Ensorcelled Hibernation  Hex/Ice        #####.       1%          2    None
 Magic Dart               Conj           #...         3%          1    None
 Searing Ray              Conj           #.....       5%          2    None
 Dazzling Flash           Conj/Hex       #.....       11%         3    ##.....
 Corona                   Hex            #......      13%         1    None
 Fulminant Prism          Conj/Hex       #.........   30%         4    ####...
 Iskenderun's Mystic Bla  Conj/Tloc      #.......     30%         4    ####...
 Confusing Touch          Hex            #.......     36%         3    ##.....
 Tukima's Dance           Hex            #.......     36%         3    ##.....


Dungeon Overview and Level Annotations

Branches:
Dungeon (10/15)            Temple (1/1) D:6            Lair (0/6) D:9
    Orc (2/2) D:9             Elf (0/3) Orc:2

Altars:
Ashenzari
Cheibriados
Dithmenos
Elyvilon
Fedhas
Gozag
Hepliaklqana
Kikubaaqudgha
Makhleb
Nemelex Xobeh
Okawaru
Qazlal
Ru
Sif Muna
Trog
Uskayaw
Vehumet
Wu Jian
Xom
Yredelemnul
Zin
The Shining One

Shops:
D:4 %   Orc:1 [


Innate Abilities, Weirdness & Mutations

Your body is rotting away.
You thrive on raw meat.
You are immune to poison.
You have sharp fingernails.
You are carnivorous and can eat meat at any time.
Your flesh is cold resistant. (rC+)
You are immune to negative energy. (rN+++)
You do not regenerate when monsters are visible.
You are immune to unholy pain and torment.
You can survive without breathing.


Message History

The orc warrior hits you from afar with a +0 halberd!
The orc throws a boomerang.
The boomerang hits you!
The weapon returns to the orc!
The wall freezes the orc sorcerer.
Casting: Frozen Ramparts (safe; 1% risk of failure)
Confirm with . or Enter, or press ? or * to list all spells.
You feel a surge of power!
A cannonade of hail descends around you!
The hail pelts the rust devil!
The rust devil partially resists.
The rust devil is moderately wounded.
The hail pelts the orc sorcerer!
The orc sorcerer is heavily wounded.
The hail pelts the orc warrior.
The orc warrior is lightly wounded.
The hail misses the troll.
The orc throws a boomerang.
You block the boomerang.
The weapon returns to the orc!
You block the orc warrior's attack.
The wall freezes the orc sorcerer.
Casting: Hailstorm (dangerous; 1% risk of failure)
Confirm with . or Enter, or press ? or * to list all spells.
Okay, then.
The orc warrior closely misses you. The orc sorcerer barely misses you.
The wall freezes the troll.
The troll misses you. The troll claws you! The troll barely misses you.
The orc throws a boomerang.
You block the boomerang.
The weapon returns to the orc!
Casting: Hailstorm (dangerous; 1% risk of failure)
Confirm with . or Enter, or press ? or * to list all spells.
You feel a surge of power!
A cannonade of hail descends around you!
The hail pelts the orc warrior.
The orc warrior is moderately wounded.
The hail pelts the orc sorcerer.
The orc sorcerer is almost dead.
The hail pelts the orc!!
You kill the orc!
Vehumet accepts your kill.
You feel your power returning.
The wall freezes the troll!
The troll barely misses you. The troll claws you!
* * * LOW HITPOINT WARNING * * *
The troll claws you!
* * * LOW HITPOINT WARNING * * *
The orc warrior hits you from afar with a +0 halberd.
* * * LOW HITPOINT WARNING * * *
The rust devil resists.
The wall freezes the rust devil.
The rust devil hits you!
* * * LOW HITPOINT WARNING * * *
The rust devil corrodes you!
The wall freezes the troll!
The rust devil completely resists.
The wall freezes the rust devil but do no damage.
The orc sorcerer gestures wildly while chanting.
Okay, then.
Okay, then.
Really read
C - 2 scrolls of fear {!r}?
As you read the scroll of fear {!r}, it crumbles to dust.
You assume a fearsome visage.
The troll looks frightened!
The orc sorcerer looks frightened!
The orc warrior looks frightened!
The sun demon is unaffected.
The rust devil is unaffected.
The wall freezes the troll.
Your attack snaps the troll out of its fear.
The wall freezes the orc warrior!
Your attack snaps the orc warrior out of its fear.
The orc warrior closely misses you.
The rust devil resists.
The wall freezes the rust devil.
The wall freezes the orc warrior!
The orc warrior hits you from afar with a +0 halberd!
You die...

.....#.##
#....#..## ...
##.$...... ...#
##.........
..>.###.........
...............
.........(...#
.$......)T..@#
#.$.......o4.#
#.....<..3###
###....o..#
#.........#
.......<.....
.............#
.$...........#
......#........


You could see a sun demon, a rust devil, a troll (fleeing), an orc sorcerer
(fleeing) and an orc warrior.

Vanquished Creatures
  Harold (D:8)
  Fannar (D:9)
  A two-headed ogre (D:10)
  Erica (D:9)
  An orc high priest (Orc:1)
  2 orc knights (Orc:1)
  Pikel (D:8)
  An orc sorcerer (Orc:1)
  2 nameless horrors (D:9)
  2 trolls (D:9)
  Prince Ribbit (D:9)
  4 hippogriffs
  Grinder (D:2)
  Sigmund (D:2)
  A hungry ghost (D:9)
  A steam dragon (D:10)
  Edmund (D:5)
  2 water moccasins
  2 ice beasts (D:8)
  3 sky beasts
  8 orc warriors
  3 slaves (D:8)
  3 black bears (D:8)
  2 phantoms (D:4)
  3 ogres
  2 necrophages
  2 centaurs (D:8)
  3 big kobolds
  5 bullfrogs
  A water moccasin zombie (D:6)
  3 scorpions
  10 killer bees
  9 wights
  5 howler monkeys
  5 crimson imps
  2 bullfrog zombies
  A centaur zombie (D:7)
  5 hounds
  A quasit (D:8)
  3 jellies
  6 orc priests
  A centaur skeleton (D:10)
  A gnoll shaman (D:7)
  A bullfrog skeleton (D:10)
  Jessica (D:3)
  An iguana (D:4)
  8 orc wizards
  4 worker ants
  2 hound zombies
  A howler monkey zombie (D:10)
  7 gnolls (D:7)
  4 adders
  A howler monkey skeleton (D:4)
  2 shadow imps (D:7)
  2 adder skeletons
  3 worms
  2 dart slugs (D:1)
  6 leopard geckos
  55 orcs
  8 giant cockroaches
  7 hobgoblins
  2 jackals (D:1)
  24 kobolds
  6 quokkas
  8 bats
  6 frilled lizards
  8 goblins
  A leopard gecko skeleton (D:7)
  2 leopard gecko zombies
  A quokka skeleton (D:4)
  12 rats
  2 plants (D:9)
301 creatures vanquished.

Vanquished Creatures (others)
  A slave (D:8)
  A worker ant (D:8)
2 creatures vanquished.

Grand Total: 303 creatures vanquished

Notes
Turn   | Place    | Note
-------+----------+-------------------------------------------
     0 | D:1      | Amnesiac the Ghoul Ice Elementalist began the quest for the
                  | Orb.
     0 | D:1      | Reached XP level 1. HP: 14/14 MP: 2/2
    44 | D:2      | Noticed Sigmund
   113 | D:1      | Reached XP level 2. HP: 16/19 MP: 2/4
   274 | D:1      | Reached skill level 5 in Ice Magic
   615 | D:1      | Reached XP level 3. HP: 25/25 MP: 3/5
   620 | D:1      | Learned a level 3 spell: Frozen Ramparts
  1295 | D:2      | Killed Sigmund
  1295 | D:2      | Reached skill level 6 in Ice Magic
  1295 | D:2      | Reached XP level 4. HP: 14/33 MP: 0/7
  1295 | D:2      | Reached XP level 5. HP: 16/38 MP: 0/8
  1492 | D:2      | Found a bloodstained altar of Trog.
  2049 | D:3      | Noticed Grinder
  2056 | D:3      | Paralysed by Grinder for 2 turns
  2085 | D:2      | Paralysed by Grinder for 2 turns
  2093 | D:2      | Killed Grinder
  2093 | D:2      | Reached skill level 7 in Ice Magic
  2093 | D:2      | Reached XP level 6. HP: 28/45 MP: 2/10
  2990 | D:3      | Noticed Jessica
  2996 | D:3      | Killed Jessica
  2996 | D:3      | Reached XP level 7. HP: 49/49 MP: 7/11
  3271 | D:4      | Reached skill level 1 in Shields
  3271 | D:4      | Reached skill level 8 in Ice Magic
  4004 | D:4      | Reached XP level 8. HP: 57/57 MP: 13/13
  4021 | D:4      | Found Hatsu's Food Emporium.
  4364 | D:5      | Entered Level 5 of the Dungeon
  4400 | D:5      | Reached skill level 9 in Ice Magic
  4426 | D:5      | Noticed Edmund
  4451 | D:5      | Killed Edmund
  4603 | D:5      | Identified the ring of Dinlun {rElec rPois rC- Int+2}
  5087 | D:6      | Learned a level 4 spell: Summon Ice Beast
  5148 | D:6      | Found a staircase to the Ecumenical Temple.
  5156 | Temple   | Entered the Ecumenical Temple
  5207 | Temple   | Became a worshipper of Vehumet
  6341 | D:7      | Reached skill level 5 in Spellcasting
  6423 | D:7      | Reached skill level 10 in Ice Magic
  6555 | D:7      | Reached XP level 9. HP: 14/62 MP: 12/15
  6959 | D:7      | Reached * piety under Vehumet
  6959 | D:7      | Offered knowledge of Foxfire by Vehumet.
  7370 | D:8      | Reached skill level 1 in Evocations
  7375 | D:8      | Reached skill level 11 in Ice Magic
  7618 | D:8      | Noticed Pikel
  7637 | D:8      | Killed Pikel
  7637 | D:8      | Reached XP level 10. HP: 62/69 MP: 18/18
  7777 | D:8      | Noticed Harold
  7788 | D:8      | Killed Harold
  7788 | D:8      | Reached skill level 12 in Ice Magic
  7897 | D:8      | Learned a level 4 spell: Hailstorm
  7936 | D:8      | Offered knowledge of Magic Dart by Vehumet.
  7994 | D:8      | Reached ** piety under Vehumet
  8021 | D:8      | Found a basalt altar of Yredelemnul.
  8130 | D:9      | Noticed Erica
  8142 | D:9      | Killed Erica
  8232 | D:9      | Learned a level 3 spell: Ozocubu's Armour
  8317 | D:9      | Reached skill level 13 in Ice Magic
  8337 | D:9      | Offered knowledge of Mephitic Cloud by Vehumet.
  8524 | D:9      | Found a staircase to the Orcish Mines.
  8568 | D:9      | Noticed Prince Ribbit
  8569 | D:9      | Reached XP level 11. HP: 36/74 MP: 15/21
  8576 | D:9      | Killed Prince Ribbit
  8663 | D:9      | Reached *** piety under Vehumet
  9296 | D:9      | Found a staircase to the Lair.
  9712 | D:10     | Entered Level 10 of the Dungeon
  9819 | D:10     | Reached skill level 14 in Ice Magic
  9862 | D:10     | Noticed Fannar
  9862 | D:10     | Offered knowledge of Conjure Flame by Vehumet.
  9943 | D:9      | Killed Fannar
 10125 | D:10     | Noticed a two-headed ogre
 10141 | D:10     | Killed a two-headed ogre
 10691 | Orc:1    | Entered Level 1 of the Orcish Mines
 10714 | Orc:1    | Found Lojujuas's Antique Armour Emporium.
 10736 | Orc:1    | Noticed an orc sorcerer
 10737 | Orc:1    | Noticed a soul eater
 10757 | Orc:1    | Killed an orc sorcerer
 10773 | Orc:1    | Noticed an orc high priest
 10794 | Orc:1    | Killed an orc high priest
 10861 | Orc:1    | Noticed an orc knight
 10861 | Orc:1    | Noticed an orc knight
 10880 | Orc:1    | Reached **** piety under Vehumet
 10880 | Orc:1    | Reached skill level 15 in Ice Magic
 10940 | Orc:1    | Killed an orc knight
 10940 | Orc:1    | Offered knowledge of Lee's Rapid Deconstruction by Vehumet.
 11010 | Orc:1    | Killed an orc knight
 11395 | Orc:2    | Entered Level 2 of the Orcish Mines
 11395 | Orc:2    | Found a staircase to the Elven Halls.
 11395 | Orc:2    | Noticed an orc sorcerer
 11405 | Orc:2    | Noticed a sun demon
 11406 | Orc:2    | Slain by an orc warrior

Levels and vault maps discovered:
D:1:      lightli_arrival_flooded_house, layout_rooms, minmay_tetromino_o4
D:2:      layout_loops_ring, first_ration, trog_butcher_becter, uniq_sigmund
D:3:      layout_basic, uniq_jessica, uniq_grinder
D:4:      layout_basic, serial_shops, nicolae_shop_trees
D:5:      layout_basic, uniq_edmund
D:6:      layout_basic, minmay_temple_entry_drinking_statues
D:7:      layout_basic, serial_undead, serial_undead_e, serial_undead_d,
          serial_undead_c, serial_undead_b, nicolae_benzene_ring
D:8:      layout_rooms, marbit_many_paths, uniq_harold, uniq_pikel
D:9:      minmay_weird_star, layout_layer_cave, uniq_erica, uniq_prince_ribbit1
D:10:     layout_basic, uniq_fannar
Temple:   nicolae_temple_the_god_donut
Orc:1:    cheibrodos_orc_arena, layout_diamond_mine, serial_shops, shop,
          uniq_snorg
Orc:2:    st_orc_congregation, layout_diamond_mine, serial_shops, shop_scrolls,
          uniq_urug, uniq_rupert

Skill      XL: |  1  2  3  4  5  6  7  8  9 10 11 |
---------------+----------------------------------+-----
Spellcasting   | 2 3 4 5 6 7 8 |  8.9
Ice Magic      | 5 6 7 8 10 11 13 15 | 15.2
Shields        | 2 3 4 |  4.0
Evocations     | 3 4 |  4.0
Stealth        | 4 |  4.0
Dodging        | |  1.8

Action                   |  1- 3 |  4- 6 |  7- 9 | 10-12 || total
-------------------------+-------+-------+-------+-------++-------
Melee: Unarmed           |    40 |    12 |       |       ||    52
       Rapier            |       |       |    23 |       ||    23
       Scimitar          |       |       |    70 |    88 ||   158
       Double sword      |       |       |       |    56 ||    56
       Staff             |       |       |       |    15 ||    15
 Fire: Hunting sling     |       |    89 |   225 |       ||   314
Throw: Stone             |       |       |       |     6 ||     6
 Cast: Freeze            |    38 |    15 |    53 |   109 ||   215
       Frozen Ramparts   |     1 |     3 |    42 |    53 ||    99
       Ozocubu's Armour  |       |       |       |     5 ||     5
       Hailstorm         |       |       |       |     9 ||     9
       Summon Ice Beast  |       |       |       |     2 ||     2
Evoke: Lightning rod     |       |       |       |     4 ||     4
       Wand              |       |       |       |     1 ||     1
  Use: Potion            |       |     4 |       |    11 ||    15
       Scroll            |       |       |     2 |    10 ||    12
 Stab: Sleeping          |     1 |       |       |       ||     1
  Eat: Chunk             |     5 |     5 |    24 |    54 ||    88
Armor: Robe              |    13 |       |       |    57 ||    70
       Ring mail         |    15 |    27 |    84 |    15 ||   141
Dodge: Dodged            |    57 |    29 |   106 |   105 ||   297
Block: Buckler           |       |       |    62 |    79 ||   141
       Rpst.: Scimitar   |       |       |    10 |    13 ||    23
       Double sword      |       |       |       |    10 ||    10

Table legend:
 A = Non-vault XP
 B = Vault XP
 C = Vault XP percentage of total XP
 D = Non-vault monster count
 E = Vault monster count
 F = Vault count percentage of total count
                 A         B        C        D         E       F
            +---------+---------+-------+---------+---------+-------
      Total |   11443 |    6716 |  37.0 |     253 |      41 |  13.9
            +---------+---------+-------+---------+---------+-------
        D:1 |      29 |       7 |  19.4 |      16 |       3 |  15.8
        D:2 |      33 |     471 |  93.5 |      23 |       6 |  20.7
        D:3 |      69 |      37 |  34.9 |      13 |       1 |   7.1
        D:4 |     613 |       0 |   0.0 |      29 |       0 |   0.0
        D:5 |     279 |     158 |  36.2 |       8 |       1 |  11.1
        D:6 |     366 |      56 |  13.3 |       7 |       1 |  12.5
        D:7 |     620 |     387 |  38.4 |      21 |       7 |  25.0
        D:8 |    1629 |    1740 |  51.6 |      30 |       3 |   9.1
        D:9 |    2854 |    2155 |  43.0 |      54 |       3 |   5.3
       D:10 |    3250 |       0 |   0.0 |      39 |       0 |   0.0
      Orc:1 |    1655 |    1705 |  50.7 |      11 |      16 |  59.3
      Orc:2 |      46 |       0 |   0.0 |       2 |       0 |   0.0
            +---------+---------+-------+---------+---------+-------
